 Dungeon Crawl Stone Soup version 0.20.1-1-g8b1a95d (webtiles) character file.

1499 Gremour the Cleaver (level 8, -2/67 HPs)
             Began as a Hill Orc Fighter on Dec 7, 2017.
             Was a Follower of Qazlal.
             Slain by a hippogriff (5 damage)
             ... on level 6 of the Dungeon.
             The game lasted 00:21:40 (5745 turns).

Gremour the Cleaver (Hill Orc Fighter)              Turns: 5745, Time: 00:21:41

Health: -2/67      AC: 15    Str: 24    XL:     8   Next: 81%
Magic:  8/8        EV:  6    Int: 12    God:    Qazlal [*.....]
Gold:   163        SH: 16    Dex: 12    Spells: 7/7 levels left

rFire    . . .     SeeInvis .   a - +0 war axe
rCold    . . .     Gourm    .   c - +0 shield
rNeg     + . .     Faith    .   y - +1 chain mail {rN+}
rPois    .         Spirit   .   o - +1 helmet
rElec    .         Reflect  .   m - +0 cloak
rCorr    .         Harm     .   w - +1 pair of gloves
MR       .....                  (no boots)
Stlth    ..........             (no amulet)
Regen    0.3/turn               l - +4 ring of intelligence
MPRegen  0.2/turn               (no ring)

@: mighty, very slightly contaminated, invisible (expiring)
A: large bone plates 1, mutation resistance 1
a: Renounce Religion


You were on level 6 of the Dungeon.
You worshipped Qazlal.
Qazlal was aware of your devotion.
You were hungry.

You visited 1 branch of the dungeon, and saw 7 of its levels.

You collected 163 gold pieces.

Inventory:

Hand Weapons
 a - a +0 war axe (weapon)
Armour
 c - a +0 shield (worn)
 m - a +0 cloak (worn)
 o - a +1 helmet (worn)
 w - a +1 pair of gloves (worn)
 y - a +1 chain mail of positive energy (worn)
Jewellery
 l - a +4 ring of intelligence (left hand)
 v - a +3 ring of strength {unknown}
Wands
 d - a wand of iceblast (7/15)
 E - a wand of digging (15/24)
Scrolls
 b - a scroll of teleportation {unknown}
 h - a scroll of blinking {unknown}
 i - a scroll of identify
 n - a scroll of remove curse
 p - a scroll of amnesia {unknown}
 r - 4 scrolls of fear
 s - a scroll of enchant armour {unknown}
 x - a scroll of recharging {unknown}
 D - a scroll of fog {unknown}
Potions
 e - 3 potions of magic
Comestibles
 f - 2 bread rations
 g - 2 meat rations
 j - a chunk of flesh


   Skills:
 * Level 4.8 Fighting
 + Level 12.6 Axes
 - Level 3.2 Armour
 * Level 4.8 Shields


You had 7 spell levels left.
You didn't know any spells.

Dungeon Overview and Level Annotations

Branches:
Dungeon (7/15)             Temple (0/1) D:6

Altars:
Gozag
Nemelex Xobeh
Qazlal
Ru
Sif Muna
Trog
Uskayaw
Yredelemnul


Innate Abilities, Weirdness & Mutations

You are partially covered in large bone plates. (SH +4)
You are somewhat resistant to further mutation.


Message History

The hippogriff pecks you but does no damage.
The hippogriff claws you but does no damage.
You hit the hippogriff but do no damage.
The hippogriff is moderately wounded.
The hippogriff bites you.
* * * LOW HITPOINT WARNING * * *
You block the hippogriff's attack. x2
Found a blackened bronze wand.
Found a worn brass wand.
You see here a quarterstaff.
There is a stone staircase leading up here.
You flicker for a moment.
The hippogriff barely misses you. x2; The hippogriff claws you.
* * * LOW HITPOINT WARNING * * *
You climb upwards.
There is a stone staircase leading down here.
Unknown command.
You feel very mighty all of a sudden.
You block the hippogriff's attack. x2; The hippogriff claws you.
You die...

.........###.........####...#####
###........+........('...........
#.#...####.........####.....###
#.##.### ##.......## ##.##.#
#......# ##.....## ####.#
#.####.# ##...## #.# #.# #.#
##'## #####.# #.####.# #.#
##..##.# #...##.# #@# #....#.#
#.#.##.# ##H#######.⌠._#.#
#.#.##.# ##...##..#.....#.#
#.#.##.# #........#....##.#
#......######)..#.#.'...⌠#..#
###............##.###....####
############.###..#.....# #.#
#####.⌠._# #.# #...!#


You could see a hippogriff.

Vanquished Creatures
  A hornet (D:7)
  4 ogres
  2 centaurs (D:5)
  A bullfrog (D:6)
  A scorpion (D:4)
  3 howler monkeys
  4 orc priests
  2 hounds
  5 orc wizards
  A bullfrog skeleton (D:4)
  An iguana (D:5)
  Jessica (D:2)
  Ijyb (D:3)
  3 gnolls (D:3)
  4 adders
  An adder skeleton (D:6)
  4 worms
  3 leopard geckos
  8 orcs
  A ball python (D:2)
  10 bats
  4 giant cockroaches
  5 goblins
  2 hobgoblins
  9 jackals
  2 quokkas
  4 frilled lizards
  7 kobolds
  A quokka zombie (D:5)
  8 rats
  A spectral orc (D:3)
104 creatures vanquished.

Notes
Turn   | Place    | Note
-------+----------+-------------------------------------------
     0 | D:1      | Gremour the Hill Orc Fighter began the quest for the Orb.
     0 | D:1      | Reached XP level 1. HP: 19/19 MP: 1/1
    84 | D:1      | Reached skill level 3 in Axes
   230 | D:1      | Reached XP level 2. HP: 26/26 MP: 2/2
   454 | D:1      | Reached skill level 4 in Axes
   792 | D:2      | Noticed Jessica
   801 | D:2      | Reached XP level 3. HP: 21/31 MP: 3/3
   810 | D:2      | Killed Jessica
   810 | D:2      | Reached skill level 5 in Axes
   873 | D:2      | Reached XP level 4. HP: 22/39 MP: 4/4
  1304 | D:3      | Noticed Ijyb
  1335 | D:3      | Reached skill level 6 in Axes
  1349 | D:3      | Killed Ijyb
  1646 | D:3      | Reached XP level 5. HP: 26/45 MP: 5/5
  1824 | D:3      | Found a basalt altar of Yredelemnul.
  1891 | D:3      | Found a faded altar of an unknown god.
  2252 | D:3      | Reached skill level 7 in Axes
  2727 | D:4      | Reached skill level 8 in Axes
  2727 | D:4      | Reached XP level 6. HP: 41/51 MP: 6/6
  3017 | D:4      | Found a stormy altar of Qazlal.
  3025 | D:4      | Became a worshipper of Qazlal Stormbringer
  3158 | D:4      | Found a sacrificial altar of Ru.
  3163 | D:4      | Reached skill level 9 in Axes
  3316 | D:5      | Entered Level 5 of the Dungeon
  3346 | D:5      | Found a sparkling altar of Nemelex Xobeh.
  3357 | D:5      | Reached XP level 7. HP: 45/57 MP: 7/7
  3407 | D:5      | Reached skill level 10 in Axes
  3762 | D:5      | Reached skill level 11 in Axes
  4337 | D:6      | Gained mutation: You are partially covered in large bone plates. (SH +4) [potion of mutation]
  4337 | D:6      | Gained mutation: You are somewhat resistant to further mutation. [potion of mutation]
  4418 | D:6      | Found a staircase to the Ecumenical Temple.
  4473 | D:6      | Reached XP level 8. HP: 61/64 MP: 8/8
  4484 | D:6      | Found a hide-covered altar of Uskayaw.
  4484 | D:6      | Found a bloodstained altar of Trog.
  4590 | D:6      | Found an opulent altar of Gozag.
  4674 | D:6      | Found a deep blue altar of Sif Muna.
  4779 | D:6      | Reached * piety under Qazlal
  4878 | D:6      | Reached skill level 12 in Axes
  5689 | D:7      | Noticed a hornet
  5700 | D:7      | Paralysed by a hornet for 1 turns
  5706 | D:7      | Noticed a hippogriff
  5721 | D:7      | Killed a hornet
  5726 | D:7      | HP: 3/67 [hippogriff (2)]
  5742 | D:7      | HP: 2/67 [hippogriff (5)]
  5745 | D:6      | Slain by a hippogriff

Skill      XL: |  1  2  3  4  5  6  7  8 |
---------------+-------------------------+-----
Axes           | 3 4 5 6 8 9 11 12 | 12.6
Fighting       | 4 |  4.8
Shields        | 4 |  4.8
Armour         | |  3.2

Action                   |  1- 3 |  4- 6 |  7- 9 || total
-------------------------+-------+-------+-------++-------
Melee: War axe           |    54 |   196 |   152 ||   402
  Use: Potion            |     3 |     1 |    10 ||    14
       Scroll            |       |       |     5 ||     5
 Stab: Invisible         |       |     1 |     2 ||     3
  Eat: Chunk             |       |     5 |     3 ||     8
       Bread ration      |       |     1 |       ||     1
       Fruit             |       |       |     3 ||     3
Armor: Scale mail        |    23 |   112 |       ||   135
       Chain mail        |       |    17 |    58 ||    75
Dodge: Dodged            |    21 |    69 |    27 ||   117
Block: Shield            |    27 |   109 |    91 ||   227
